 Dungeon Crawl Stone Soup version 0.21-a0-352-g5b8f553 (webtiles) character file.

44 Dfrag the Firebug (level 3, 0/24 HPs)
             Began as a Demonspawn Fire Elementalist on Oct 11, 2017.
             Slain by Sigmund
             ... wielding a +0 scythe
              (12 damage)
             ... on level 2 of the Dungeon.
             The game lasted 00:01:48 (891 turns).

Dfrag the Firebug (Demonspawn Fire Elementalist)     Turns: 891, Time: 00:01:48

Health: 0/24       AC:  2    Str:  8    XL:     3   Next: 39%
Magic:  2/6        EV: 14    Int: 17    God:
Gold:   61         SH:  0    Dex: 13    Spells: 6/7 levels left

rFire    . . .     SeeInvis .   j - +1 short sword (venom)
rCold    . . .     Gourm    .   (no shield)
rNeg     . . .     Faith    .   a - +0 robe
rPois    .         Spirit   .   (no helmet)
rElec    .         Reflect  .   (no cloak)
rCorr    .         Harm     .   (no gloves)
MR       .....                  (no boots)
Stlth    ++........             (no amulet)
HPRegen  0.08/turn              i - ring of wizardry
MPRegen  0.10/turn              (no ring)

@: no status effects
A: repulsion field 1
a: no special abilities


You were on level 2 of the Dungeon.
You were not hungry.

You visited 1 branch of the dungeon, and saw 2 of its levels.

You collected 61 gold pieces.

Inventory:

Hand Weapons
 j - a +1 short sword of venom (weapon)
Armour
 a - a +0 robe (worn)
Jewellery
 i - a ring of wizardry (left hand)
Scrolls
 f - a scroll of enchant armour {unknown}
 g - 3 scrolls of fear {unknown}
 l - a scroll of recharging {unknown}
 m - 3 scrolls of identify {unknown}
 o - a scroll of teleportation {unknown}
 p - 2 scrolls of remove curse {unknown}
Potions
 e - a potion of heal wounds {unknown}
 k - a potion of degeneration {unknown}
 n - a potion of brilliance {unknown}
Books
 b - a book of Flames

   Spells                             Type                      Level
   a - Flame Tongue                   Conjuration/Fire             1
   b - Throw Flame                    Conjuration/Fire             2
   c - Conjure Flame                  Conjuration/Fire             3
   d - Inner Flame                    Hexes/Fire                   3
   e - Sticky Flame                   Conjuration/Fire             4
   f - Fireball                       Conjuration/Fire             5
Comestibles
 c - a bread ration
 d - 4 fruits
 h - 2 meat rations
 q - 4 chunks of flesh


   Skills:
 - Level 1.7 Dodging
 - Level 1.7 Stealth
 + Level 2.6 Spellcasting
 + Level 2.0 Conjurations
 + Level 3.2 Fire Magic


You had 6 spell levels left.
You knew the following spells:

 Your Spells              Type           Power        Failure   Level  Hunger
a - Flame Tongue          Conj/Fire      ##...        2%          1    #......


Dungeon Overview and Level Annotations

Branches:
Dungeon (2/15)

Altars:

Annotations:
D:2 Sigmund


Innate Abilities, Weirdness & Mutations

You are surrounded by a mild repulsion field. (EV +2)


Message History

Sigmund shouts!
The adder hisses angrily.
The kobold shouts!
You hear an angry hiss.
The bat moves out of view.
Sigmund points at you and mumbles some strange words.
The magic dart hits you!
Sigmund casts a spell.
Sigmund flickers and vanishes!
Deactivating autopickup; reactivate with Ctrl-A.
The goblin barely misses you.
Casting: Flame Tongue
Confirm with . or Enter, or press ? or * to list all spells.
Aiming: Flame Tongue
Press: ? - help, Shift-Dir - straight line, f - kobold
Aim: a kobold, wielding a dagger The flame tongue hits the kobold.
You kill the kobold!
The gnoll shouts!
You hear a shout!
Something hits you!
Ouch! That really hurt!
You die...

#...#
#.####.##.#
#...# #.#
#<##.# #...#
#.# #.....
##.## #.#
####.# #..#
#.#######.# ##
##.#
#......<..#
...# #.#
###########
.#...##.#######
#
g...[..@.....?.
#
.#.g..Sg)...###
#
#.#.(#b#.....#
# ..
#....#...#.#
#...##...# #
#... .... #...
..... #... ##.#
#...


You could see 2 gnolls, an adder, a goblin and a bat.

Vanquished Creatures
  An adder (D:2)
  A dart slug (D:1)
  A leopard gecko (D:1)
  3 giant cockroaches
  3 goblins
  4 hobgoblins
  4 jackals (D:2)
  3 kobolds
  3 frilled lizards (D:1)
  6 rats
29 creatures vanquished.

Notes
Turn   | Place    | Note
-------+----------+-------------------------------------------
     0 | D:1      | Dfrag the Demonspawn Fire Elementalist began the quest for the Orb.
     0 | D:1      | Reached XP level 1. HP: 13/13 MP: 3/3
   259 | D:1      | Gained mutation: You are surrounded by a mild repulsion field. (EV +2) [demonic ancestry]
   259 | D:1      | Reached XP level 2. HP: 12/19 MP: 3/5
   461 | D:1      | Reached skill level 3 in Fire Magic
   762 | D:2      | Reached XP level 3. HP: 15/24 MP: 2/6
   887 | D:2      | Noticed Sigmund
   891 | D:2      | Slain by Sigmund

Vault maps used:
D:1:      dpeg_arrival_simpleton_b
D:2:      guppyfry_early_orc_mine, uniq_sigmund, uniq_natasha

Skill      XL: |  1  2  3 |
---------------+----------+-----
Fire Magic     | 3 |  3.2
Conjurations   | 2 |  2.0
Dodging        | |  1.7
Stealth        | |  1.7
Spellcasting   | |  2.6

Action                   || total
-------------------------++-------
Melee: Short sword       ||    28
 Cast: Flame Tongue      ||    39
 Stab: Sleeping          ||     1
Armor: Robe              ||     7
Dodge: Dodged            ||    45

Table legend:
 A = Spawn XP
 B = Non-spawn XP
 C = Spawn XP percentage of total XP
 D = Spawn monster count
 E = Non-spawn monster count
 F = Spawn count percentage of total count
 G = Total turns spent on level
                    A         B        C        D         E        F      G
               +---------+---------+-------+---------+---------+-------+---------
         Total |       0 |      63 |   0.0 |       0 |      29 |   0.0 |   891
               +---------+---------+-------+---------+---------+-------+---------
           D:1 |       0 |      28 |   0.0 |       0 |      16 |   0.0 |   704
           D:2 |       0 |      35 |   0.0 |       0 |      13 |   0.0 |   187
               +---------+---------+-------+---------+---------+-------+---------
